 Seeded DCSS version 0.31-a0-667-g39726597b9 (webtiles) character file.

Game seed: 8226958467842168542 (custom seed)

112 demibob the Shooter (level 4, 37/37 HPs)
             Began as a Minotaur Hunter on Sept 3, 2023.
             Quit the game on level 2 of the Dungeon.
             The game lasted 00:01:57 (1291 turns).

demibob the Shooter (Minotaur Hunter)               Turns: 1291, Time: 00:01:57

Health: 37/37      AC:  3    Str: 15    XL:     4   Next: 64%
Magic:  3/3        EV: 12    Int:  6    God:
Gold:   86         SH:  0    Dex: 16    Spells: 3/3 levels left

rFire   . . .        a - +0 shortbow
rCold   . . .        (shield currently unavailable)
rNeg    . . .        c - +0 leather armour
rPois   .            (helmet restricted)
rElec   .            (no cloak)
rCorr   .            (no gloves)
SInv    .            (no boots)
Will    .....        (no amulet)
Stlth   +            (no ring)
HPRegen 0.26/turn    (no ring)
MPRegen 0.08/turn

%: no passive effects
@: studying Maces & Flails
A: horns 2, retaliatory headbutt
a: no special abilities


You were on level 2 of the Dungeon.
You visited 1 branch of the dungeon, and saw 2 of its levels.

You collected 86 gold pieces.


Innate Abilities, Weirdness & Mutations

You have a pair of horns on your head.
You reflexively headbutt those who attack you in melee.


   Skills:
 - Level 2.4 Fighting
 + Level 6.7 Ranged Weapons
 - Level 2.1 Dodging
 - Level 0.7 Stealth


You had 3 spell levels left.
You didn't know any spells.
Your spell library contained the following spells:

 Spells                   Type           Power      Damage    Failure   Level
 Sandblast                Erth           0%         2d4       52%         1
 Passwall                 Tmut/Erth      0%         N/A       67%         2
 Hailstorm                Conj/Ice       0%         3d3       88%         3
 Stone Arrow              Conj/Erth      0%         3d7       88%         3
 Summon Ice Beast         Ice/Summ       0%         N/A       99%         4
 Simulacrum               Ice/Necr       0%         N/A       100%        6

Inventory:

Hand Weapons
 a - a +0 shortbow (weapon)
Armour
 c - a +0 leather armour (worn)
Magical Staves
 h - a staff of earth {!a}
Scrolls
 b - a scroll of butterflies
 e - a scroll of blinking {unknown}
 i - a scroll of acquirement
 j - 3 scrolls of identify {unknown}
 l - 2 scrolls of teleportation {unknown}
 m - 2 scrolls of amnesia {unknown}
Potions
 d - a potion of heal wounds {unknown}
 f - 3 potions of curing {unknown}
 g - a potion of lignification {unknown}
 k - a potion of mutation {unknown}

Dungeon Overview and Level Annotations

Branches:
Dungeon (2/15)

Altars:

####### # #.....# #
###.###.# #
#####...###.# #
#####...........# #
#...'...........##### #
#.###.........@.....# #
#.###..........####.#
###'#.......#########.#
....................#.#
............#######.#.#
............# #.....#.#
............###.#####.#
.........(.........†.>#
......#.#.....#+#.###.#


There were no monsters in sight!


Message History

There is an open door here.
You open the door.
There is an open door here.
Found a stone staircase leading up.
You open the door.
There is an open door here.
There is an open door here.
Things that are here:
a +0 club; a +0 dagger; a +0 dagger You open the door.
There is an open door here.
You open the door.
There is an open door here.
You now have 76 gold pieces (gained 14).
You now have 86 gold pieces (gained 10).
There is an open door here.
There is an open door here.
You open the door.
There is an open door here.
You open the door.
There is an open door here.
Done exploring.
Done exploring.
Done exploring.
Unknown command.
This is a scroll of acquirement!
You see here a manual of Maces & Flails.
Something appears at your feet!
You pick up a manual of Maces & Flails {!d} and begin studying.
Are you sure you want to abandon this character and quit the game? (Confirm with "yes".)

Skill      XL: |  1  2  3 |
---------------+----------+-----
Ranged Weapons | 5 6 |  6.7
Fighting       | |  2.4
Dodging        | |  2.1
Stealth        | |  0.7

Action                     |  1- 3 |  4- 6 || total
---------------------------+-------+-------++-------
   Fire: Shortbow          |   130 |    52 ||   182
    Use: Scroll            |       |     1 ||     1
 Armour: Leather armour    |    29 |    21 ||    50
  Dodge: Dodged            |    44 |    13 ||    57

Levels and vault maps discovered:
D:1:      psy_arrival_statuary, layout_rooms
D:2:      layout_basic, uniq_robin

Notes
Turn   | Place    | Note
-------+----------+-------------------------------------------
     0 | D:1      | demibob the Minotaur Hunter began the quest for the Orb.
     0 | D:1      | Reached XP level 1. HP: 18/18 MP: 0/0
    93 | D:1      | Reached skill level 5 in Ranged Weapons
    93 | D:1      | Reached XP level 2. HP: 8/25 MP: 1/1
   249 | D:1      | Reached XP level 3. HP: 27/30 MP: 2/2
   623 | D:2      | Reached skill level 6 in Ranged Weapons
   662 | D:2      | Reached XP level 4. HP: 37/37 MP: 3/3
   753 | D:2      | Noticed Robin
   779 | D:2      | Killed Robin
  1289 | D:2      | Identified 2 scrolls of acquirement
  1289 | D:2      | Acquired a manual of Maces & Flails
  1291 | D:2      | Quit the game

Vanquished Creatures
  Robin (D:2)
  2 adders (D:2)
  A gnoll (D:1)
  2 worms (D:2)
  5 ball pythons
  2 bats (D:1)
  4 endoplasms
  14 goblins
  6 hobgoblins
  11 jackals
  3 quokkas
  A frilled lizard (D:2)
  2 kobolds (D:1)
  8 rats
62 creatures vanquished.

Table legend: (Time is in decaauts)
 A = Elapsed time spent in this place.
 B = Non-inter-level travel time spent in this place.
 C = Inter-level travel time spent in this place.
 D = Time resting spent in this place.
 E = Time spent auto-exploring this place.
 F = Levels seen in this place.
 G = Mean time per level.
                   A        B        C        D        E       F      G
               +--------+--------+--------+--------+--------+-----+--------+
         Total |   1317 |   1309 |      8 |      0 |   1035 |   2 |  658.5 |
       Dungeon |   1317 |   1309 |      8 |      0 |   1035 |   2 |  658.5 |
               +--------+--------+--------+--------+--------+-----+--------+

Top non-repeatable levels by time:
     D:2: 830 daAuts
     D:1: 486 daAuts

Table legend:
 A = Non-vault XP
 B = Vault XP
 C = Vault XP percentage of total XP
 D = Non-vault monster count
 E = Vault monster count
 F = Vault count percentage of total count
                 A         B        C        D         E       F
            +---------+---------+-------+---------+---------+-------
      Total |     127 |      34 |  21.1 |      50 |      12 |  19.4
            +---------+---------+-------+---------+---------+-------
        D:1 |      56 |       0 |   0.0 |      26 |       0 |   0.0
        D:2 |      71 |      34 |  32.4 |      24 |      12 |  33.3
            +---------+---------+-------+---------+---------+-------
